 Dungeon Crawl Stone Soup version 0.32-a0-999-gfa1cc04b1d (webtiles) character file.

Game seed: 9598644463337708752

580 DrKenneth the Shield-Bearer (level 7, -9/62 HPs)
             Began as a Minotaur Fighter on Apr 26, 2024.
             Mangled by Blork the orc
             ... wielding a +0 halberd
              (10 damage)
             ... on level 5 of the Dungeon.
             The game lasted 00:06:46 (3317 turns).

DrKenneth the Shield-Bearer (Minotaur Fighter)      Turns: 3317, Time: 00:06:47

Health: -9/62      AC:  8    Str: 22    XL:     7   Next: 13%
Magic:  6/6        EV:  8    Int:  5    God:
Gold:   220        SH:  5    Dex: 10    Spells: 6/6 levels left

rFire   . . .        a - +1 war axe
rCold   . . .        c - +0 buckler
rNeg    + . .        b - +0 scale mail
rPois   .            (helmet restricted)
rElec   .            (no cloak)
rCorr   .            o - +0 pair of gloves
SInv    +            (no boots)
Will    .....        w - amulet of regeneration Stlth
                     m - ring of positive energy
HPRegen 1.10/turn    s - ring of see invisible
MPRegen 0.10/turn

%: no passive effects
@: no status effects
A: horns 2, retaliatory headbutt
a: no special abilities


You were on level 5 of the Dungeon.
You visited 1 branch of the dungeon, and saw 5 of its levels.

You collected 220 gold pieces.

Inventory:

Hand Weapons
 a - a +1 war axe (weapon)
Armour
 b - a +0 scale mail (worn)
 c - a +0 buckler (worn)
 o - a +0 pair of gloves (worn)
Jewellery
 m - a ring of positive energy (left hand)
 q - the amulet "Feiva" {rC- RegenMP+ Dex+3 Stlth+}
   (You found it on level 2 of the Dungeon)

   [amulet of magic regeneration]

   It increases your rate of magic regeneration.
   Dex+3:     It affects your dexterity (+3).
   rC-:       It makes you vulnerable to cold.
   Stlth+:    It makes you more stealthy.
   RegenMP+:  It increases your rate of magic regeneration.
 s - a ring of see invisible (right hand)
 w - an amulet of regeneration (around neck)
Scrolls
 e - 2 scrolls of fog
 f - 4 scrolls of identify
 g - a scroll of poison {unknown}
 h - a scroll of fear
 i - a scroll of amnesia
 j - a scroll of blinking {unknown}
 k - a scroll of silence {unknown}
 l - 3 scrolls of teleportation
 p - a scroll of summoning {unknown}
 r - a scroll of immolation
 t - a scroll of enchant armour {unknown}
 u - a scroll of enchant weapon
 y - a scroll of torment {unknown}
Potions
 d - a potion of might
 n - 2 potions of lignification
 v - 2 potions of brilliance {unknown}
 x - a potion of attraction {unknown}
 z - 2 potions of heal wounds


   Skills:
 + Level 5.8 Fighting
 + Level 5.1 Axes
 + Level 5.8 Armour
 + Level 5.9 Shields


You had 6 spell levels left.
You didn't know any spells.
Your spell library was empty.

Dungeon Overview and Level Annotations

Branches:
Dungeon (5/15)
 Temple: D:4-7

Altars:
Elyvilon
Sif Muna

Annotations:
D:5 Blork the orc


Innate Abilities, Weirdness & Mutations

You have a pair of horns on your head.
You reflexively headbutt those who attack you in melee.


Message History

The bombardier beetle is moderately wounded.
The bombardier beetle sprays incendiary fluid at you.
The burning spray hits you.
You are covered in liquid fire!
Blork the orc mumbles some strange words.
Blork the orc seems to speed up.
You shake off some of the fire as you move.
The liquid fire burns you!
There is an open door here.
You shake off the liquid fire.
Blork the orc hits you from afar with a +0 halberd.
The bombardier beetle bites you but does no damage.
You block Blork the orc's attack.
There is an open door here.
You hit the bombardier beetle but do no damage.
You headbutt the bombardier beetle.
The bombardier beetle is moderately wounded.
Blork the orc barely misses you.
The bombardier beetle closely misses you.
You furiously retaliate!
You headbutt the bombardier beetle. You slash the bombardier beetle!
You kill the bombardier beetle!
Blork the orc casts a spell at you. The puff of frost hits you.
Blork the orc hits you from afar with a +0 halberd!
Blork the orc points at you and mumbles some strange words.
The puff of frost hits you!
* * * LOW HITPOINT WARNING * * *
Blork the orc hits you with a +0 halberd!
* * * LOW HITPOINT WARNING * * *
You hit Blork the orc. You headbutt Blork the orc.
Blork the orc is lightly wounded.
You block Blork the orc's attack.
You hit Blork the orc.
Blork the orc is moderately wounded.
Blork the orc hits you with a +0 halberd!
* * * LOW HITPOINT WARNING * * *
Blork the orc hits you with a +0 halberd!
You die...
Blork the orc shouts, "I believe in me!"

#.........#
#...<.....#
#.........#
#.........#
#.........#
#.........# #
#.........#
#.#.#.###.........#
#.....o@'.........#
#####.###....(....#
.. ########### ..#
.. #


You could see Blork the orc (fast).

Vanquished Creatures
  A black bear (D:4)
  An ogre (D:3)
  A phantom (D:4)
  A bombardier beetle (D:5)
  3 iguanas (D:4)
  Natasha (twice) (D:3)
  Robin (D:3)
  4 gnolls (D:2)
  2 adders
  2 ribbon worms
  4 dart slugs
  9 orcs
  9 ball pythons
  6 endoplasms
  6 giant cockroaches
  11 goblins
  11 hobgoblins
  3 quokkas
  5 bats
  A frilled lizard (D:2)
  6 kobolds
  9 rats
98 creatures vanquished.

Notes
Turn   | Place    | Note
-------+----------+-------------------------------------------
     0 | D:1      | DrKenneth the Minotaur Fighter began the quest for the Orb.
     0 | D:1      | Reached XP level 1. HP: 19/19 MP: 0/0
    70 | D:1      | Reached XP level 2. HP: 27/27 MP: 1/1
   323 | D:1      | Reached XP level 3. HP: 33/33 MP: 2/2
   588 | D:2      | Found a white marble altar of Elyvilon.
   622 | D:2      | Reached XP level 4. HP: 14/41 MP: 3/3
  1162 | D:2      | Identified the amulet "Feiva" {rC- RegenMP+ Dex+3 Stlth+}
  1647 | D:3      | Noticed an ogre
  1656 | D:3      | Killed an ogre
  1657 | D:3      | Reached XP level 5. HP: 6/47 MP: 4/4
  1914 | D:3      | Noticed Robin
  1920 | D:3      | Killed Robin
  1925 | D:3      | Reached skill level 5 in Armour
  1926 | D:3      | Reached skill level 5 in Shields
  2217 | D:3      | Noticed Natasha
  2223 | D:3      | Killed Natasha
  2224 | D:3      | Reached skill level 5 in Fighting
  2241 | D:3      | Noticed Natasha
  2253 | D:3      | Killed Natasha
  2254 | D:3      | Reached XP level 6. HP: 46/56 MP: 5/5
  2918 | D:4      | Found a shimmering blue altar of Sif Muna.
  3008 | D:4      | Reached skill level 5 in Axes
  3008 | D:4      | Reached XP level 7. HP: 62/62 MP: 6/6
  3276 | D:5      | Entered Level 5 of the Dungeon
  3300 | D:5      | Noticed Blork the orc
  3317 | D:5      | HP: 1/62 [Blork the orc/+0 halberd (7)]
  3317 | D:5      | Mangled by Blork the orc

Illustrated notes

Levels and vault maps discovered:
D:1:      elethiomel_arrival_quiet, layout_basic
D:2:      layout_loops_cross, basic_altar
D:3:      layout_loops_cross, grunt_ministairs_15, uniq_robin, uniq_natasha
D:4:      layout_basic, led_sif_book, kennysheep_generic_room_16
D:5:      layout_basic, mainiacjoe_overflow_boulevard,
          nzn_hepliaklqana_mist_gate, uniq_blork_the_orc, uniq_edmund,
          uniq_menkaure

Skill      XL: |  1  2  3  4  5  6 |
---------------+-------------------+-----
Fighting       | 4 5 |  5.8
Armour         | 4 5 |  5.8
Shields        | 4 5 |  5.9
Axes           | 3 4 5 |  5.1

Action                     |  1- 3 |  4- 6 |  7- 9 || total
---------------------------+-------+-------+-------++-------
  Melee: War axe           |    72 |   147 |     9 ||   228
         Headbutt          |     9 |    25 |     2 ||    36
    Use: Scroll            |       |     3 |     5 ||     8
 Armour: Scale mail        |    56 |   110 |    15 ||   181
  Dodge: Dodged            |    37 |    62 |     2 ||   101
  Block: Buckler           |    21 |    40 |     4 ||    65

Table legend: (Time is in decaauts)
 A = Elapsed time spent in this place.
 B = Non-inter-level travel time spent in this place.
 C = Inter-level travel time spent in this place.
 D = Time resting spent in this place.
 E = Time spent auto-exploring this place.
 F = Levels seen in this place.
 G = Mean time per level.
                   A        B        C        D        E       F      G
               +--------+--------+--------+--------+--------+-----+--------+
         Total |   3398 |   3175 |    223 |    431 |   2118 |   5 |  679.6 |
       Dungeon |   3398 |   3175 |    223 |    431 |   2118 |   5 |  679.6 |
               +--------+--------+--------+--------+--------+-----+--------+

Top non-repeatable levels by time:
     D:4: 972 daAuts
     D:3: 903 daAuts
     D:2: 900 daAuts
     D:1: 580 daAuts
     D:5: 42 daAuts
